 Dungeon Crawl Stone Soup version coffee-0.2.0 (webtiles) character file.

Game seed: 12811621484675141574, levelgen mode: deterministic

29803 Dorkslayer the Cleaver (level 13, -1/97 HPs)
             Began as a Demonspawn Fighter on Sept 7, 2020.
             Was the Champion of Okawaru.
             Slain by a wandering mushroom (5 damage)
             ... summoned by a curse toe
             ... in the Realm of Zot.
             The game lasted 00:41:57 (8114 turns).

Dorkslayer the Cleaver (Demonspawn Fighter)         Turns: 8114, Time: 00:41:58

Health: -1/97      AC: 32    Str: 21    XL:     13   Next: 17%
Magic:  21/21      EV: 10    Int: 11    God:    Okawaru [******]
Gold:   357        SH: 13    Dex: 12    Spells: 12/12 levels left

rFire    . . .     SeeInvis +   r - +5 broad axe (vorpal)
rCold    . . .     Gourm    +   U - +1 kite shield {reflect}
rNeg     . . .     Faith    .   s - +0 plate armour
rPois    +         Spirit   .   o - +1 helmet
rElec    .         Reflect  +   d - +2 cloak {rPois}
rCorr    .         Harm     .   q - +0 pair of gloves
MR       .....                  t - +1 pair of boots {Stlth+}
Stlth    +.........             G - amulet of the gourmand
HPRegen  0.26/turn              v - +5 ring of protection
MPRegen  0.17/turn              F - ring of see invisible

@: no status effects
A: talons 1, iridescent scales 1, powered by death 3, spiny 3
a: Heroism, Finesse, Renounce Religion


You were in the Realm of Zot.
You worshipped Okawaru.
Okawaru was exalted by your worship.
You were very full.

You visited 3 branches of the dungeon, and saw 12 of its levels.

You collected 935 gold pieces.
You spent 578 gold pieces at shops.

Inventory:

Hand Weapons
 a - a +1 war axe of electrocution
 r - a +5 vorpal broad axe (weapon)
 R - a +2 war axe of freezing
Missiles
 j - 7 curare-tipped darts (quivered)
 u - 16 boomerangs
 w - 24 poisoned darts
 M - 5 boomerangs of dispersal
Armour
 d - a +2 cloak of poison resistance (worn)
 o - a +1 helmet (worn)
 q - a +0 pair of gloves (worn)
 s - a +0 plate armour (worn)
 t - a +1 pair of boots of stealth (worn)
 L - a +1 cloak of magic resistance
 O - a +0 hat of see invisible
 U - a +1 kite shield of reflection (worn)
Jewellery
 v - a +5 ring of protection (left hand)
 F - a ring of see invisible (right hand)
 G - an amulet of the gourmand (around neck)
 S - a +2 ring of protection
Wands
 e - a wand of scattershot (2)
 y - a wand of acid (9)
 K - a wand of iceblast (7)
 T - a wand of digging (1)
Scrolls
 b - 2 scrolls of blinking
 k - a scroll of summoning
 l - 6 scrolls of remove curse
 n - 11 scrolls of teleportation
 x - 3 scrolls of immolation
 z - 2 scrolls of amnesia
 D - 2 scrolls of silence
 J - a scroll of enchant armour
Potions
 g - a potion of stabbing
 h - 4 potions of ambrosia
 m - 2 potions of cancellation
 p - 8 potions of curing
 B - a potion of flight
 C - a potion of invisibility
 H - a potion of haste
 I - a potion of berserk rage
 N - 2 potions of brilliance
Miscellaneous
 i - a lightning rod (4/4)
 E - a lamp of fire
Comestibles
 c - 10 chunks of flesh
 f - 18 rations


   Skills:
 + Level 7.6(11.3) Fighting
 + Level 11.3 Axes
 + Level 2.3 Throwing
 + Level 9.1(11.3) Armour
 + Level 1.5(9.1) Dodging
 - Level 1.7(9.9) Stealth
 + Level 7.8(10.8) Shields
 + Level 11.2(13.0) Invocations
 + Level 8.8(10.3) Evocations


You had 12 spell levels left.
You didn't know any spells.
Your spell library contained the following spells:

 Spells                   Type           Power        Failure   Level  Hunger
 Conjure Flame            Conj/Fire      ##......     92%         3    ##.....
 Animate Skeleton         Necr           N/A          97%         1    None
 Apportation              Tloc           #.....       97%         1    None
 Corona                   Hex            #......      97%         1    None
 Magic Dart               Conj           #...         97%         1    None
 Shock                    Conj/Air       #...         97%         1    None
 Summon Small Mammal      Summ           #...         97%         1    None
 Blink                    Tloc           N/A          99%         2    #......
 Call Imp                 Summ           #.......     99%         2    #......
 Ensorcelled Hibernation  Hex/Ice        #.....       99%         2    #......
 Slow                     Hex            #.......     99%         2    #......
 Swiftness                Chrm/Air       #.......     99%         2    #......
 Confusing Touch          Hex            #.......     100%        3    ##.....
 Dazzling Flash           Conj/Hex       #.....       100%        3    ##.....
 Mephitic Cloud           Conj/Pois/Air  #.......     100%        3    ##.....
 Static Discharge         Conj/Air       #.......     100%        3    ##.....
 Tukima's Dance           Hex            #.......     100%        3    ##.....
 Airstrike                Air            #.........   100%        4    ####...
 Lightning Bolt           Conj/Air       #.........   100%        5    ######.


Dungeon Overview and Level Annotations

Branches:
Dungeon (10/10)            Temple (1/1) D:2             Zot (1/1) D:10

Altars:
Ashenzari
Elyvilon
Nemelex Xobeh
Okawaru
Qazlal
Sif Muna
Vehumet
Wu Jian
Xom
Yredelemnul

Shops:
D:1 (   D:2 }   D:3 %   D:4 %[   D:6 [   D:7 *   D:8 *!   D:10 [


Innate Abilities, Weirdness & Mutations

You have sharp toenails.
You are partially covered in iridescent scales. (AC +2)
You regenerate a lot of health from kills.
You are completely covered in sharp spines.


Message History

* * * LOW HITPOINT WARNING * * *
You are engulfed in a cloud of spores!
You are confused.
The wandering mushroom releases spores at you but does no damage.
You feel better.
You block the wandering mushroom's attack.
The deathcap is struck by your spines. The deathcap releases spores at you!
* * * LOW HITPOINT WARNING * * *
You are engulfed in a cloud of spores!
The wandering mushroom is struck by your spines.
You destroy the wandering mushroom!
The wandering mushroom releases spores at you.
* * * LOW HITPOINT WARNING * * *
You are engulfed in a cloud of spores!
The curse toe calls on the powers of darkness!
Your body is wracked with pain!
* * * LOW HITPOINT WARNING * * *
The wandering mushroom is struck by your spines.
The wandering mushroom releases spores at you.
You die...

## .# .# .#
#####+######## .#
#............# .#
#####............#
.#
#...#.....§§§§§§.#
.# #...#
#...ffff§§.# .#
#...# #...f§§@z§.#
'###)..#
###'########
......)#####.#.....
.......)..........⌠.
......)###.###..⌠##.
.......# #.# #.##
.......# #.# ...
...)...###'## ...
....#####.^.# )..


You could see a deathcap, 2 wandering mushrooms and a curse toe.

Vanquished Creatures
  Gastronok (D:8)
  Erolcha (D:9)
  4 two-headed ogres
  A tentacled monstrosity (Zot)
  3 Orb Guardians (Zot)
  A storm dragon (D:10)
  An unseen horror (D:10)
  A draconian scorcher (Zot)
  A draconian stormcaller (Zot)
  2 draconian knights (Zot)
  2 draconian annihilators
  3 draconian shifters
  Maurice (D:10)
  An ice dragon (D:10)
  A fire dragon (D:10)
  3 purple draconians
  3 black draconians (Zot)
  A green draconian (Zot)
  A white draconian (Zot)
  A red draconian (D:10)
  5 yellow draconians
  A queen bee (D:8)
  The ghost of natoth the Ruffian, an amateur MiFi of Okawaru (D:4)
  2 trolls (D:10)
  A hornet (D:10)
  Prince Ribbit (D:8)
  2 moths of wrath (Zot)
  2 hippogriffs
  A wraith (D:10)
  Grum (D:8)
  20 yaks (D:10)
  Eustachio (D:6)
  A hungry ghost (D:7)
  A soldier ant (D:10)
  5 water moccasins
  A black bear (D:9)
  6 ice beasts
  7 orc warriors
  5 sky beasts
  2 necrophages
  A hornet zombie (D:9)
  3 centaurs
  4 wolves (D:8)
  2 ogres
  An eye of draining (D:10)
  2 big kobolds
  8 bullfrogs
  A wyvern skeleton (D:9)
  A water moccasin skeleton (D:9)
  21 killer bees
  3 wights (D:10)
  5 centaur zombies
  2 bullfrog zombies
  3 jellies
  Crazy Yiuf (D:2)
  3 bullfrog skeletons
  9 orc priests
  4 hounds
  2 centaur skeletons
  8 orc wizards
  3 iguanas
  5 worker ants
  2 ogre zombies (D:7)
  2 hound zombies (D:5)
  2 hound skeletons (D:5)
  4 gnolls (D:2)
  A howler monkey skeleton (D:6)
  A howler monkey zombie (D:4)
  6 adders
  2 shadow imps
  6 worms
  A dart slug (D:2)
  5 leopard geckos
  39 orcs
  2 giant cockroaches
  10 goblins
  3 hobgoblins
  16 jackals
  2 quokkas
  12 bats
  2 frilled lizards (D:1)
  18 kobolds
  7 rats
  3 plants
337 creatures vanquished.

Vanquished Creatures (others)
  A draconian knight (Zot)
1 creature vanquished.

Grand Total: 338 creatures vanquished

Notes
Turn   | Place    | Note
-------+----------+-------------------------------------------
     0 | D:1      | Dorkslayer the Demonspawn Fighter began the quest for the
                  | Orb.
     0 | D:1      | Reached XP level 1. HP: 18/18 MP: 1/1
   179 | D:1      | Gained mutation: You are partially covered in iridescent
                  | scales. (AC +2) [demonic ancestry]
   179 | D:1      | Reached XP level 2. HP: 19/24 MP: 2/2
   473 | D:1      | Found Xeuveera's Weapon Shop.
   673 | D:2      | Gained mutation: You regenerate a little health from kills.
                  | [demonic ancestry]
   673 | D:2      | Reached XP level 3. HP: 28/29 MP: 3/3
   683 | D:2      | Reached skill level 1 in Evocations
   683 | D:2      | Gained mutation: You regenerate health from kills. [demonic
                  | ancestry]
   683 | D:2      | Reached XP level 4. HP: 32/35 MP: 4/4
   692 | D:2      | Found a shimmering altar of Xom.
   920 | D:2      | Found a basalt altar of Yredelemnul.
   980 | D:2      | Found Jomaet's Gadget Shop.
  1159 | D:2      | Found a staircase to the Ecumenical Temple.
  1171 | Temple   | Entered the Ecumenical Temple
  1185 | Temple   | Became a worshipper of Warmaster Okawaru
  1275 | D:2      | Found a runed translucent door.
  1276 | D:2      | Noticed Crazy Yiuf
  1283 | D:2      | Killed Crazy Yiuf
  1498 | D:2      | Reached skill level 1 in Invocations
  1498 | D:2      | Reached XP level 5. HP: 36/41 MP: 6/6
  1772 | D:3      | You fall into a shaft and drop 3 floors!
  1809 | D:6      | Noticed a necrophage
  1812 | D:6      | Killed a necrophage
  1815 | D:6      | Found a stormy altar of Qazlal.
  1816 | D:6      | Noticed Eustachio
  1816 | D:6      | Noticed an orc warrior
  1822 | D:6      | Killed Eustachio
  1822 | D:6      | Gained mutation: You regenerate a lot of health from kills.
                  | [demonic ancestry]
  1822 | D:6      | Reached XP level 6. HP: 48/48 MP: 7/7
  1825 | D:6      | Killed an orc warrior
  1825 | D:6      | Reached * piety under Okawaru
  1825 | D:6      | Reached skill level 1 in Throwing
  1826 | D:6      | Gained mutation: You are partially covered in sharp spines.
                  | [demonic ancestry]
  1826 | D:6      | Reached XP level 7. HP: 39/53 MP: 7/9
  1879 | D:6      | Found Dun Seki's Armour Emporium.
  1900 | D:5      | Entered Level 5 of the Dungeon
  1988 | D:4      | Found a white marble altar of Elyvilon.
  2020 | D:4      | Reached ** piety under Okawaru
  2033 | D:3      | Found Ymes Ypp's Food Emporium.
  2665 | D:4      | Found Mugipyty's Food Boutique.
  2680 | D:4      | Found a runed translucent gate.
  2680 | D:4      | Found a runed translucent gate.
  2680 | D:4      | Found a runed translucent gate.
  2683 | D:4      | Noticed natoth's ghost (amateur MiFi)
  2695 | D:4      | Killed natoth's ghost
  2695 | D:4      | Gained mutation: You are mostly covered in sharp spines.
                  | [demonic ancestry]
  2695 | D:4      | Reached XP level 8. HP: 60/60 MP: 7/11
  3298 | D:4      | Found Kameuthr Xaeff's Armour Boutique.
  3494 | D:5      | Reached skill level 5 in Armour
  3576 | D:5      | Reached skill level 5 in Invocations
  3608 | D:5      | Reached skill level 5 in Axes
  3609 | D:5      | Reached *** piety under Okawaru
  4299 | D:7      | Reached XP level 9. HP: 64/66 MP: 13/13
  4339 | D:7      | Found a transporter.
  4396 | D:7      | Found a stormy altar of Qazlal.
  4631 | D:7      | Found a transporter.
  4652 | D:7      | Reached skill level 5 in Shields
  4735 | D:7      | Reached **** piety under Okawaru
  4822 | D:7      | Found a shattered altar of Ashenzari.
  4943 | D:7      | Reached skill level 1 in Dodging
  4970 | D:7      | Reached skill level 1 in Stealth
  4979 | D:7      | Found Qom Kuet's Assorted Antiques.
  5125 | D:8      | Found Vyden's Changing Room.
  5125 | D:8      | Noticed Prince Ribbit
  5132 | D:8      | Killed Prince Ribbit
  5132 | D:8      | Reached skill level 5 in Fighting
  5183 | D:8      | Noticed a two-headed ogre
  5185 | D:8      | Reached skill level 5 in Evocations
  5191 | D:8      | Killed a two-headed ogre
  5191 | D:8      | Reached ***** piety under Okawaru
  5191 | D:8      | Reached XP level 10. HP: 74/74 MP: 15/15
  5297 | D:8      | Noticed Grum
  5309 | D:8      | Found a sparkling altar of Nemelex Xobeh.
  5310 | D:8      | Received a gift from Okawaru
  5320 | D:8      | Killed Grum
  5496 | D:8      | Noticed Gastronok
  5518 | D:8      | Killed Gastronok
  5572 | D:8      | Found Ruux's Distillery.
  5750 | D:9      | Reached XP level 11. HP: 75/81 MP: 17/17
  5790 | D:9      | Noticed a two-headed ogre
  5792 | D:9      | Noticed Erolcha
  5802 | D:9      | Killed a two-headed ogre
  5806 | D:9      | Killed Erolcha
  5806 | D:9      | Received a gift from Okawaru
  6297 | D:10     | Entered Level 10 of the Dungeon
  6475 | D:10     | Received a gift from Okawaru
  6485 | D:10     | Found Bywis's Antique Armour Emporium.
  6492 | D:10     | Noticed a two-headed ogre
  6500 | D:10     | Killed a two-headed ogre
  6500 | D:10     | Reached ****** piety under Okawaru
  6718 | D:10     | Noticed Maurice
  6737 | D:10     | Gained mutation: You are completely covered in sharp
                  | spines. [demonic ancestry]
  6737 | D:10     | Reached XP level 12. HP: 47/89 MP: 11/19
  6756 | D:10     | Killed Maurice
  6895 | D:10     | Identified the +6 broad axe "Myecoxue" {vorpal, *Corrode
                  | rElec rC+ Str+3} (You acquired it on level 10 of the
                  | Dungeon)
  7011 | D:10     | Reached skill level 10 in Axes
  7012 | D:10     | Reached skill level 10 in Invocations
  7129 | D:7      | Bought a +1 kite shield of reflection for 391 gold pieces
  7287 | D:2      | Bought a wand of iceblast (10) for 154 gold pieces
  7484 | D:8      | Bought a potion of curing for 33 gold pieces
  7640 | D:10     | Noticed a two-headed ogre
  7652 | D:10     | Killed a two-headed ogre
  7661 | D:10     | Found a gate to the Realm of Zot.
  7691 | D:10     | Received a gift from Okawaru
  7764 | Zot      | Entered the Realm of Zot
  7868 | Zot      | HP: 3/91 [purple draconian knight/shard of ice (26)]
  7878 | Zot      | Gained mutation: You have sharp toenails. [demonic
                  | ancestry]
  7878 | Zot      | Reached XP level 13. HP: 34/96 MP: 21/21
  7890 | Zot      | Received a gift from Okawaru
  8105 | Zot      | Noticed a curse toe
  8114 | Zot      | HP: 4/97 [??? (1)]
  8114 | Zot      | Slain by a wandering mushroom

Levels and vault maps discovered:
D:1:      psy_arrival_wood_between_worlds, layout_basic, serial_shops, shop
D:2:      layout_basic, nicolae_overflow_crystal_walls, kennysheep_mini_moat,
          minmay_temple_entry_gardened_gates, serial_shops, nicolae_shop_trees,
          first_ration, uniq_crazy_yiuf_cottage
D:3:      layout_rooms, serial_shops, shop, minivault_14, serial_bayou_ford_a,
          amethyst_killhole
D:4:      layout_basic, lemuel_crystal_altar, gammafunk_ghost_nasty_kobolds,
          serial_shops, nicolae_shop_window_shopping, shop
D:5:      layout_gridville
D:6:      layout_loops_cross, basic_altar, serial_shops, shop,
          minmay_misc_feat_cross, hex_medium, minivault_19, uniq_eustachio
D:7:      gammafunk_cloud_chamber, layout_loops_corners, lemuel_doored_altar,
          kennysheep_little_box, serial_shops, nicolae_shop_trees
D:8:      layout_cave_pools, lemuel_crystal_altar, serial_shops,
          nicolae_shop_stone, david_nohive_1, nicolae_transmutations_shop,
          uniq_gastronok, uniq_prince_ribbit1, uniq_grum
D:9:      layout_basic, uniq_erolcha
D:10:     evilmike_zot_entry_round, layout_basic, serial_shops,
          nicolae_shop_trees, uniq_maurice
Temple:   eino_temple_scatter_basement
Zot:      layout_basic

Skill      XL: |  1  2  3  4  5  6  7  8  9 10 11 12 |
---------------+-------------------------------------+-----
Armour         | 3 4 5 6 7 8 9 |  9.1
Axes           | 2 3 4 5 6 8 9 11 | 11.3
Evocations     | 1 2 3 4 5 6 7 8 |  8.8
Shields        | 3 4 5 6 7 |  7.8
Invocations    | 1 2 4 5 7 8 9 11 | 11.2
Throwing       | 1 2 |  2.3
Fighting       | 4 5 6 7 |  7.6
Dodging        | 1 |  1.5
Stealth        | 1 |  1.7

Action                   |  1- 3 |  4- 6 |  7- 9 | 10-12 | 13-15 || total
-------------------------+-------+-------+-------+-------+-------++-------
Melee: War axe           |    60 |    88 |   218 |   284 |       ||   650
       Broad axe         |       |       |       |    46 |    31 ||    77
       Kick              |       |       |       |       |     2 ||     2
Throw: Dart              |     4 |     2 |     5 |    11 |       ||    22
       Boomerang         |       |       |     2 |       |       ||     2
Invok: Heroism           |       |       |     1 |     5 |     1 ||     7
       Finesse           |       |       |       |     3 |       ||     3
Evoke: Wand              |       |     2 |       |     6 |       ||     8
       Lightning rod     |       |     3 |     9 |     9 |       ||    21
       Lamp of fire      |       |       |       |     2 |       ||     2
  Use: Scroll            |     2 |     1 |       |     4 |     1 ||     8
       Potion            |       |     1 |     1 |     6 |     1 ||     9
 Stab: Invisible         |       |     1 |       |     1 |     3 ||     5
  Eat: Chunk             |       |     3 |    21 |    10 |       ||    34
       Ration            |       |       |     1 |       |       ||     1
Armor: Scale mail        |    19 |     3 |       |       |       ||    22
       Plate armour      |       |    49 |   116 |   195 |    20 ||   380
       Chain mail        |       |     4 |       |       |       ||     4
Dodge: Dodged            |    26 |    31 |    46 |   114 |     5 ||   222
Block: Kite shield       |    27 |    43 |   113 |   218 |    31 ||   432
       Reflection        |       |       |       |     2 |     2 ||     4
